 Dungeon Crawl Stone Soup version 0.27-a0-1193-g8631133539 (webtiles) character file.

Game seed: 4700867438123111346

1498 mordus the Chiller (level 8, -3/53 (57) HPs)
             Began as a Red Draconian Ice Elementalist on May 26, 2021.
             Was an Initiate of Vehumet.
             Slain by a phantom (8 damage)
             ... on level 6 of the Dungeon.
             The game lasted 00:24:36 (7446 turns).

mordus the Chiller (Red Draconian Ice Elementalist) Turns: 7446, Time: 00:24:37

HP:   -3/53 (57)    AC:  7    Str: 11    XL:     8   Next: 52%
MP:   16/16         EV: 12    Int: 18    God:    Vehumet [......]
Gold: 371           SH:  5    Dex: 15    Spells: 10/18 levels left

rFire    + . .     SeeInvis .   g - +2 dagger (venom)
rCold    . . .     Faith    .   k - +0 buckler of the Depths {Dex+4}
rNeg     . . .     Spirit   .   (armour unavailable)
rPois    .         Reflect  .   (helmet restricted)
rElec    .         Harm     .   l - +0 cloak
rCorr    +         Rampage  .   (no gloves)
Will     .....                  (no boots)
Stlth    ++........             (no amulet)
HPRegen  0.17/turn              b - ring of resist corrosion
MPRegen  0.15/turn              r - ring of wizardry

@: drained
A: breathe fire, AC +6, unfitting armour, fire resistance 1, cold-blooded
a: Breathe Fire, Renounce Religion


You were on level 6 of the Dungeon.
You worshipped Vehumet.
Vehumet was noncommittal.
You visited 2 branches of the dungeon, and saw 7 of its levels.

You collected 371 gold pieces.

Inventory:

Hand Weapons
 g - a +2 dagger of venom (weapon)
Missiles
 a - 6 atropa-tipped darts
 c - 10 poisoned darts (quivered)
Armour
 k - the +0 buckler of the Depths (worn) {Dex+4}
   (You found it on level 4 of the Dungeon)

   It affects your dexterity (+4).
 l - a +0 cloak (worn)
Magical Staves
 d - a staff of death
Jewellery
 b - a ring of resist corrosion (left hand)
 r - a ring of wizardry (right hand)
Wands
 q - a wand of charming (8)
Scrolls
 f - a scroll of amnesia
 h - 2 scrolls of identify
Potions
 e - a potion of lignification
 i - 4 potions of curing
 j - a potion of flight
 m - a potion of berserk rage
 n - a potion of attraction
 o - 2 potions of ambrosia {unknown}


   Skills:
 + Level 5.0 Short Blades
 - Level 1.7 Dodging
 - Level 1.7 Stealth
 + Level 2.8 Shields
 * Level 5.9 Spellcasting
 * Level 6.1 Ice Magic


You had 10 spell levels left.
You knew the following spells:

 Your Spells              Type           Power      Damage    Failure   Level
a - Freeze                Ice            100%       1d11      1%          1
b - Frozen Ramparts       Ice            54%        1d7       1%          3
c - Ozocubu's Armour      Ice            27%        N/A       1%          3
d - Foxfire               Conj/Fire      20%        2x1d5     6%          1

Your spell library contained the following spells:

 Spells                   Type           Power      Damage    Failure   Level
 Magic Dart               Conj           20%        1d4       6%          1
 Sandblast                Erth           10%        2d5       6%          1
 Shock                    Conj/Air       20%        1d4       6%          1
 Summon Small Mammal      Summ           20%        N/A       6%          1
 Blink                    Tloc           N/A        N/A       9%          2
 Call Imp                 Summ           5%         N/A       9%          2
 Passwall                 Tmut/Erth      4%         N/A       9%          2
 Slow                     Hex            5%         N/A       9%          2
 Call Canine Familiar     Summ           5%         N/A       16%         3
 Conjure Flame            Conj/Fire      5%         6-21      16%         3
 Mephitic Cloud           Conj/Pois/Air  5%         N/A       16%         3
 Summon Guardian Golem    Hex/Summ       5%         N/A       16%         3
 Hailstorm                Conj/Ice       16%        3d6       16%         4
 Summon Ice Beast         Ice/Summ       16%        N/A       16%         4
 Metabolic Englaciation   Hex/Ice        8%         N/A       38%         5
 Fulminant Prism          Conj/Hex       2%         3d6       45%         4
 Summon Lightning Spire   Summ/Air       5%         N/A       45%         4
 Borgnjor's Vile Clutch   Necr/Erth      2%         N/A       80%         5
 Statue Form              Tmut/Erth      3%         N/A       100%        6


Dungeon Overview and Level Annotations

Branches:
Dungeon (6/15)             Temple (1/1) D:5

Altars:
Ashenzari
Cheibriados
Dithmenos
Elyvilon
Fedhas
Gozag
Hepliaklqana
Kikubaaqudgha
Nemelex Xobeh
Okawaru
Qazlal
Ru
Trog
Uskayaw
Vehumet
Wu Jian
Xom
Yredelemnul
Zin
The Shining One

Shops:
D:3 (


Innate Abilities, Weirdness & Mutations

You can breathe blasts of fire.
Your fiery red scales are hard. (AC +6)
You cannot fit into any form of body armour.
Your flesh is heat resistant. (rF+)
You are cold-blooded and may be slowed by cold attacks.


Message History

The phantom barely misses you.
You hit the phantom. You tail-slap the phantom.
The phantom is severely damaged.
The phantom barely misses you.
You hit the phantom but do no damage.
The phantom is severely damaged.
The phantom hits you.
You hit the phantom.
The phantom is severely damaged.
The wight closely misses you.
You completely miss the phantom.
The phantom is severely damaged.
The phantom hits you. The wight closely misses you.
You hit the phantom but do no damage.
The phantom is severely damaged.
The phantom barely misses you. You block the wight's attack.
You barely miss the phantom.
The phantom is severely damaged.
The phantom hits you.
You barely miss the phantom.
The phantom is severely damaged.
The wight closely misses you.
You hit the phantom.
You tail-slap the phantom, but do no damage.
The phantom is almost destroyed.
The phantom hits you.
The wight hits you from afar with a +0 halberd!
* * * LOW HITPOINT WARNING * * *
You feel drained.
* * * LOW HITPOINT WARNING * * *
The phantom barely misses you. The phantom misses you.
There is a stone staircase leading up, spattered with blood here.
The phantom hits you.
* * * LOW HITPOINT WARNING * * *
The phantom blinks!
You blink.
You stop ascending the stairs.
You closely miss the phantom. You tail-slap the phantom.
The phantom is severely damaged.
The phantom hits you!
You die...

*,,........#....###....###
**,,......##.....#........
******,,.........##<.........
**,*,**,,,.......##.z.........
*,,,,,.,,*,...................
*****,,,.#.,**#...(.............#
,,,,,,,,....###<................#
,*,**,,,.........................
,,,,,,,,.....#..@W...............
,,,,**,,....,#...................
,,,****,....................#....
,,**,,+,....................#....
,,**,,+,##...###.....#...........
,,,****,*######..................
,,,,**,,* #§..................
*,,,,,,,* #§....).............
********* #§.............###..


You could see a phantom and a wight.

Vanquished Creatures
  Eustachio (D:5)
  Edmund (D:4)
  A water moccasin (D:3)
  An acid dragon (D:5)
  A black bear (D:4)
  A necrophage (D:5)
  A phantom (D:5)
  Blork the orc (D:4)
  A bullfrog (D:5)
  A scorpion (D:4)
  2 wights (D:6)
  2 orc priests (D:5)
  A jelly (D:4)
  A bullfrog skeleton (D:5)
  A gnoll shaman (D:6)
  Crazy Yiuf (D:4)
  Ijyb (D:5)
  4 orc wizards
  A killer bee zombie (D:5)
  A howler monkey zombie (D:5)
  3 gnolls (D:6)
  6 adders
  An adder skeleton (D:4)
  A worm (D:2)
  2 dart slugs
  10 orcs
  11 bats
  6 endoplasms
  2 giant cockroaches (D:4)
  12 goblins
  3 hobgoblins
  5 jackals (D:2)
  4 quokkas
  5 ball pythons
  6 frilled lizards
  3 kobolds
  A quokka skeleton (D:4)
  3 rats
109 creatures vanquished.

Vanquished Creatures (others)
  4 foxfires (D:6)
4 creatures vanquished.

Grand Total: 113 creatures vanquished

Notes
Turn   | Place    | Note
-------+----------+-------------------------------------------
     0 | D:1      | mordus the Draconian Ice Elementalist began the quest for
                  | the Orb.
     0 | D:1      | Reached XP level 1. HP: 14/14 MP: 3/3
   242 | D:1      | Reached XP level 2. HP: 13/20 MP: 5/5
   493 | D:1      | Found a faded altar of an unknown god.
   853 | D:1      | Reached skill level 1 in Short Blades
  1277 | D:2      | Reached XP level 3. HP: 26/26 MP: 3/6
  1563 | D:2      | Learned a level 3 spell: Frozen Ramparts
  2045 | D:2      | Reached XP level 4. HP: 33/33 MP: 8/8
  2533 | D:3      | Found a shadowy altar of Dithmenos.
  2537 | D:3      | Found a stormy altar of Qazlal.
  2538 | D:3      | Found a broken altar of Ashenzari.
  2577 | D:3      | Found a sparkling altar of Nemelex Xobeh.
  2910 | D:3      | Reached skill level 5 in Ice Magic
  2910 | D:3      | Reached XP level 5. HP: 33/38 MP: 7/9
  2990 | D:3      | Found an ornate altar of the Wu Jian Council.
  3037 | D:3      | Noticed a water moccasin
  3048 | D:3      | Killed a water moccasin
  3201 | D:3      | Reached XP level 6. HP: 45/45 MP: 11/11
  3204 | D:3      | Found Nirilasa's Weapon Emporium.
  3421 | D:4      | Noticed Edmund
  3558 | D:4      | HP: 1/33 [Edmund/+0 flail of draining (3)]
  3559 | D:4      | Killed Edmund
  4145 | D:4      | Your scales start taking on a fiery red colour.
  4145 | D:4      | Reduced skill Ice Magic to level 4
  4145 | D:4      | Reached XP level 7. HP: 29/50 MP: 11/13
  4145 | D:4      | Gained mutation: Your flesh is heat resistant. (rF+) [Red
                  | Draconian growth]
  4340 | D:4      | Found an iron altar of Okawaru.
  4340 | D:4      | Identified the +0 buckler of the Depths {Dex+4}
  4346 | D:4      | Found a sacrificial altar of Ru.
  4490 | D:4      | Found a runed translucent door.
  4491 | D:4      | Noticed Crazy Yiuf
  4509 | D:4      | Killed Crazy Yiuf
  4510 | D:4      | Reached skill level 5 in Ice Magic
  4614 | D:4      | Noticed Blork the orc
  4626 | D:4      | Killed Blork the orc
  4835 | D:5      | Entered Level 5 of the Dungeon
  4838 | D:5      | Found a staircase to the Ecumenical Temple.
  4847 | Temple   | Entered the Ecumenical Temple
  5110 | Temple   | Became a worshipper of Vehumet
  5187 | D:5      | Noticed Eustachio
  5202 | D:5      | Killed Eustachio
  5203 | D:5      | Reached skill level 1 in Shields
  5209 | D:5      | Reached skill level 5 in Spellcasting
  5744 | D:5      | Identified Yraroluts's Grimoire of Theory
  6059 | D:5      | Reached XP level 8. HP: 56/57 MP: 11/15
  6290 | D:5      | Found a shimmering altar of Xom.
  6290 | D:5      | Found a blossoming altar of Fedhas.
  6296 | D:5      | Found a faded altar of an unknown god.
  6298 | D:5      | Found a snail-covered altar of Cheibriados.
  6299 | D:5      | Found a glowing golden altar of the Shining One.
  6454 | D:5      | Noticed Ijyb
  6462 | D:5      | Killed Ijyb
  6988 | D:6      | Learned a level 3 spell: Ozocubu's Armour
  6990 | D:6      | Learned a level 1 spell: Foxfire
  7073 | D:6      | Reached skill level 6 in Ice Magic
  7165 | D:6      | Reached skill level 5 in Short Blades
  7446 | D:6      | Slain by a phantom

Illustrated notes

Levels and vault maps discovered:
D:1:      wander_arrival_fairy_ring, layout_loops_ring,
          hellmonk_ecumenical_altar_run_dry, minivault_23, minmay_hexomino_p4
D:2:      cheibrodos_helix_gallery, layout_loops_corners
D:3:      layout_rooms, nicolae_overflow_hidden_temple,
          grunt_temple_overflow_open, nzn_wu_jian_contemplation, serial_shops,
          shop
D:4:      layout_loops_ring, chequers_temple_overflow_statue_of_worship,
          kennysheep_cluttered_room, uniq_blork_the_orc, uniq_edmund,
          uniq_crazy_yiuf_cottage
D:5:      layout_gridville, chequers_temple_overflow_minitemple,
          minmay_temple_entry_glass, uniq_eustachio, uniq_ijyb
D:6:      layout_cave_pools, serial_gnoll_camp, gnoll_camp_medium_02,
          gnoll_camp_medium_01, gnoll_camp_mini_hut, gnoll_camp_mini_hut
Temple:   jpeg_temple_island

Skill      XL: |  1  2  3  4  5  6  7  8 |
---------------+-------------------------+-----
Short Blades   | 1 2 3 4 5 |  5.0
Spellcasting   | 3 4 5 |  5.9
Ice Magic      | 5 4 5 6 |  6.1
Shields        | 1 2 |  2.8
Dodging        | |  1.7
Stealth        | |  1.7

Action                   |  1- 3 |  4- 6 |  7- 9 || total
-------------------------+-------+-------+-------++-------
Melee: Dagger            |    65 |    80 |   189 ||   334
       Unarmed           |     2 |       |       ||     2
       Tailslap          |     4 |     6 |    39 ||    49
Throw: Dart              |     1 |       |       ||     1
 Cast: Freeze            |    28 |     9 |     9 ||    46
       Frozen Ramparts   |       |     5 |     9 ||    14
       Ozocubu's Armour  |       |       |     4 ||     4
       Foxfire           |       |       |     2 ||     2
 Abil: Breathe Fire      |       |       |     5 ||     5
  Use: Scroll            |     2 |       |     8 ||    10
       Potion            |       |     1 |       ||     1
 Stab: Sleeping          |     8 |     2 |     1 ||    11
Armor: Skin              |    24 |    26 |    48 ||    98
Dodge: Dodged            |    49 |    30 |    79 ||   158
Block: Buckler           |       |       |    31 ||    31

Table legend: (Time is in decaauts)
 A = Elapsed time spent in this place.
 B = Non-inter-level travel time spent in this place.
 C = Inter-level travel time spent in this place.
 D = Time resting spent in this place.
 E = Time spent auto-exploring this place.
 F = Levels seen in this place.
 G = Mean time per level.
                   A        B        C        D        E       F      G
               +--------+--------+--------+--------+--------+-----+--------+
         Total |   7445 |   7304 |    141 |   2061 |   3859 |   7 | 1063.6 |
       Dungeon |   7108 |   6967 |    141 |   2061 |   3616 |   6 | 1184.7 |
        Temple |    337 |    337 |      0 |      0 |    242 |   1 |  337.0 |
               +--------+--------+--------+--------+--------+-----+--------+

Top non-repeatable levels by time:
     D:5: 1720 daAuts
     D:2: 1477 daAuts
     D:3: 1413 daAuts
     D:4: 1222 daAuts
     D:1: 946 daAuts
  Temple: 337 daAuts
     D:6: 329 daAuts
